NCAA
ALABAMA CRIMSON TIDE @ CINCINNATI BEARCATS
04/03/2030
 
TOP OF THE 1ST
Alabama Crimson Tide batting - Pitching for Cincinnati Bearcats : RHP Javier Valéncia
Pitching: RHP Javier Valéncia
Batting: LHB Tracy Becker 0-0: Called Strike
0-1: Ball
1-1: Foul Ball, location: 2F
1-2: Ball
2-2: SINGLE (Flyball, 7LS)
Batting: RHB Chris Bass 0-0: Called Strike
0-1: Fly out, F7 (Flyball, 7S)
Batting: RHB Shannon Watson 0-0: Ball
1-0: Called Strike
Tracy Becker steals 2nd base
1-1: Fly out, F7 (Line Drive, 7)
Batting: LHB Tom York 0-0: Foul Ball, location: 2F
0-1: Ball
1-1: Foul Ball, location: 2F
1-2: Ball
2-2: Ball
3-2: Foul Ball, location: 2F
3-2: Base on Balls
Batting: RHB Rafael Vargo 0-0: Foul Ball, location: 2F
0-1: Ball
1-1: Ball
2-1: Fielders Choice at 2nd, 6-4 (Groundball, 56D)
Top of the 1st over - 0 runs, 1 hit, 0 errors, 2 left on base; Alabama 0 - Cincinnati 0
BOTTOM OF THE 1ST
Cincinnati Bearcats batting - Pitching for Alabama Crimson Tide : RHP Charlie Willis
Pitching: RHP Charlie Willis
Batting: RHB Dale Castro 0-0: Ball
1-0: Foul Ball, location: 2F
1-1: SINGLE (Line Drive, 6MD)
Batting: RHB John Ward 0-0: Swinging Strike
0-1: Foul Ball, location: 2F
0-2: Fielders Choice at 2nd, 4-6 (Groundball, 4M)
Batting: RHB Ron McClain 0-0: Ball
1-0: Foul Ball, location: 2F
1-1: Foul Ball, location: 2F
1-2: Reached on error, E3 (Groundball, 3)
John Ward to second
Batting: RHB Craig Porter 0-0: Foul Ball, location: 2F
0-1: Ball
1-1: Ball
2-1: Ball
3-1: Foul Ball, location: 2F
3-2: Fly out, F8 (Line Drive, 89M)
Batting: LHB Carter Coleman 0-0: Foul Ball, location: 2F
0-1: Ball
1-1: Ball
2-1: Ball
3-1: Foul Ball, location: 2F
3-2: Ground out U3 (Groundball, 3L)
Bottom of the 1st over - 0 runs, 1 hit, 1 error, 2 left on base; Alabama 0 - Cincinnati 0
TOP OF THE 2ND
Alabama Crimson Tide batting - Pitching for Cincinnati Bearcats : RHP Javier Valéncia
Batting: RHB Oscar Trent 0-0: Ball
1-0: Ball
2-0: Ball
3-0: Called Strike
3-1: Base on Balls
Batting: RHB Paco Molina 0-0: Fly out, F6 (Popup, 6MD)
Batting: RHB John Martin 0-0: Fly out, F7 (Flyball, 7S)
Batting: RHB Mike Irvin 0-0: Ball
1-0: Ball
2-0: Ball
Oscar Trent steals 2nd base
3-0: Called Strike
3-1: Foul Ball, location: 2F
3-2: Fly out, F7 (Line Drive, 7D)
Top of the 2nd over - 0 runs, 0 hits, 0 errors, 1 left on base; Alabama 0 - Cincinnati 0
BOTTOM OF THE 2ND
Cincinnati Bearcats batting - Pitching for Alabama Crimson Tide : RHP Charlie Willis
Batting: RHB Scott Snider 0-0: Ball
1-0: SINGLE (Flyball, 7LS)
Batting: RHB Dave Scott 0-0: Called Strike
0-1: Ground out U3 (Groundball, 3)
Scott Snider to second
Batting: LHB Greg Jeffreys 0-0: Called Strike
0-1: Swinging Strike
0-2: Strikes out swinging
Batting: RHB Brendan Myers 0-0: Swinging Strike
0-1: SINGLE (Groundball, 6MD)
Scott Snider to third
Runner from 3rd tries for Home, SAFE, no throw
Batting: RHB Dale Castro 0-0: Ball
Brendan Myers is caught stealing 2nd base
Bottom of the 2nd over - 1 run, 2 hits, 0 errors, 0 left on base; Alabama 0 - Cincinnati 1
TOP OF THE 3RD
Alabama Crimson Tide batting - Pitching for Cincinnati Bearcats : RHP Javier Valéncia
Batting: LHB Tracy Becker 0-0: Called Strike
0-1: Bunt for hit - play at first, batter OUT! 1-3
Batting: RHB Chris Bass 0-0: Fly out, F4 (Line Drive, 4M)
Batting: RHB Shannon Watson 0-0: Swinging Strike
0-1: Ball
1-1: Fly out, F6 (Flyball, 6D)
Top of the 3rd over - 0 runs, 0 hits, 0 errors, 0 left on base; Alabama 0 - Cincinnati 1
BOTTOM OF THE 3RD
Cincinnati Bearcats batting - Pitching for Alabama Crimson Tide : RHP Charlie Willis
Batting: RHB Dale Castro 0-0: Called Strike
0-1: Foul Ball, location: 2F
0-2: Fly out, F8 (Line Drive, 8RM)
Batting: RHB John Ward 0-0: Ball
1-0: Called Strike
1-1: Swinging Strike
1-2: Ball
2-2: Foul Ball, location: 2F
2-2: Foul Ball, location: 2F
2-2: Ball
3-2: Strikes out swinging
Batting: RHB Ron McClain 0-0: SOLO HOME RUN (Flyball, 7D), Distance : 357 ft
Batting: RHB Craig Porter 0-0: Called Strike
0-1: Foul Ball, location: 2F
0-2: Ball
1-2: Foul Ball, location: 2F
1-2: Foul Ball, location: 2F
1-2: Strikes out looking
Bottom of the 3rd over - 1 run, 1 hit, 0 errors, 0 left on base; Alabama 0 - Cincinnati 2
TOP OF THE 4TH
Alabama Crimson Tide batting - Pitching for Cincinnati Bearcats : RHP Javier Valéncia
Batting: LHB Tom York 0-0: Ball
1-0: Foul Ball, location: 2F
1-1: Fly out, F9 (Flyball, 9S)
Batting: RHB Rafael Vargo 0-0: Swinging Strike
0-1: Ball
1-1: Foul Ball, location: 2F
1-2: Ball
2-2: Fly out, F3 (Popup, 34)
Batting: RHB Oscar Trent 0-0: Ball
1-0: Called Strike
1-1: Foul Ball, location: 2F
1-2: Strikes out swinging
Top of the 4th over - 0 runs, 0 hits, 0 errors, 0 left on base; Alabama 0 - Cincinnati 2
BOTTOM OF THE 4TH
Cincinnati Bearcats batting - Pitching for Alabama Crimson Tide : RHP Charlie Willis
Batting: LHB Carter Coleman 0-0: Ball
1-0: Called Strike
1-1: Ball
2-1: Foul Ball, location: 2F
2-2: Foul Ball, location: 2F
2-2: DOUBLE (Line Drive, 7LM)
Batting: RHB Scott Snider 0-0: Called Strike
0-1: Called Strike
0-2: Strikes out looking
Batting: RHB Dave Scott 0-0: Ball
1-0: Ball
2-0: Ball
3-0: Called Strike
3-1: Foul Ball, location: 2F
3-2: Foul Ball, location: 2F
3-2: Base on Balls
Batting: LHB Greg Jeffreys 0-0: Called Strike
0-1: Foul Ball, location: 2F
0-2: SINGLE (Flyball, 8RM)
Carter Coleman to third
Dave Scott to second
Batting: RHB Brendan Myers 0-0: Called Strike
0-1: Ball
1-1: Foul Ball, location: 2F
1-2: DOUBLE (Flyball, 8RXD)
Carter Coleman scores
Dave Scott scores
Greg Jeffreys to third
Runner from 3rd tries for Home, SAFE, no throw
Pitching: RHP Roberto Ilana
Pinch Runner at 2nd Bob Castro:
Batting: RHB Dale Castro 0-0: Foul Ball, location: 2F
0-1: Ball
1-1: Foul Ball, location: 2F
1-2: SINGLE (Flyball, 8LS)
Bob Castro to third
Runner from 3rd tries for Home, SAFE, no throw
Batting: RHB John Ward 0-0: Ball
1-0: Fly out, F9 (Flyball, 9)
Batting: RHB Ron McClain 0-0: Ball
1-0: Ball
2-0: 2-RUN HOME RUN (Flyball, 7LD), Distance : 312 ft
Batting: RHB Craig Porter 0-0: Called Strike
0-1: Ball
1-1: Swinging Strike
1-2: Strikes out swinging
Bottom of the 4th over - 6 runs, 5 hits, 0 errors, 0 left on base; Alabama 0 - Cincinnati 8
TOP OF THE 5TH
Alabama Crimson Tide batting - Pitching for Cincinnati Bearcats : RHP Javier Valéncia
Now at SS: Bob Castro
Batting: RHB Paco Molina 0-0: Ball
1-0: SINGLE (Line Drive, 6MD)
Batting: RHB John Martin 0-0: Called Strike
0-1: Ball
1-1: Fly out, F9 (Flyball, 9D)
Batting: RHB Mike Irvin 0-0: Ball
1-0: Ball
2-0: Ball
3-0: Called Strike
3-1: Foul Ball, location: 2F
3-2: DOUBLE (Line Drive, 9LS)
Paco Molina to third
Paco Molina scores
Batting: LHB Tracy Becker 0-0: Ball
1-0: Ball
2-0: Ball
3-0: Base on Balls
Batting: RHB Chris Bass 0-0: Ball
1-0: Ball
2-0: Ball
3-0: Called Strike
3-1: Base on Balls
Mike Irvin to third
Tracy Becker to second
Batting: RHB Shannon Watson 0-0: Ball
1-0: Foul Ball, location: 2F
1-1: Ball
2-1: Called Strike
2-2: Ball
3-2: Foul Ball, location: 2F
3-2: Base on Balls
Mike Irvin scores
Tracy Becker to third
Chris Bass to second
Batting: LHB Tom York 0-0: Called Strike
0-1: Ball
1-1: Ball
2-1: Swinging Strike
2-2: Strikes out swinging
Pitching: RHP Miguel De La Parra
Batting: RHB Rafael Vargo 0-0: Foul Ball, location: 2F
0-1: Ball
1-1: Ball
2-1: Ball
3-1: Foul Ball, location: 2F
3-2: Fly out, F9 (Line Drive, 89M)
Top of the 5th over - 2 runs, 2 hits, 0 errors, 3 left on base; Alabama 2 - Cincinnati 8
BOTTOM OF THE 5TH
Cincinnati Bearcats batting - Pitching for Alabama Crimson Tide : RHP Roberto Ilana
Batting: LHB Carter Coleman 0-0: Swinging Strike
0-1: Foul Ball, location: 2F
0-2: Strikes out swinging
Batting: RHB Scott Snider 0-0: Foul Ball, location: 2F
0-1: Called Strike
0-2: Foul Ball, location: 2F
0-2: Strikes out swinging
Batting: RHB Dave Scott 0-0: Called Strike
0-1: Ball
1-1: Ball
2-1: Foul Ball, location: 2F
2-2: Ball
3-2: Fly out, F8 (Flyball, 78M)
Bottom of the 5th over - 0 runs, 0 hits, 0 errors, 0 left on base; Alabama 2 - Cincinnati 8
TOP OF THE 6TH
Alabama Crimson Tide batting - Pitching for Cincinnati Bearcats : RHP Miguel De La Parra
Batting: RHB Oscar Trent 0-0: Called Strike
0-1: Foul Ball, location: 2F
0-2: Ball
1-2: Strikes out swinging
Batting: RHB Paco Molina 0-0: Ball
1-0: Ball
2-0: Swinging Strike
2-1: Foul Ball, location: 2F
2-2: SINGLE (Line Drive, 8RS)
Batting: RHB John Martin 0-0: Ball
1-0: Called Strike
1-1: Foul Ball, location: 2F
1-2: Ball
2-2: Strikes out swinging
Batting: RHB Mike Irvin 0-0: Ball
Paco Molina steals 2nd base
1-0: Fly out, F4 (Line Drive, 4)
Top of the 6th over - 0 runs, 1 hit, 0 errors, 1 left on base; Alabama 2 - Cincinnati 8
BOTTOM OF THE 6TH
Cincinnati Bearcats batting - Pitching for Alabama Crimson Tide : RHP Roberto Ilana
Batting: LHB Greg Jeffreys 0-0: Called Strike
0-1: Called Strike
0-2: Ball
1-2: Strikes out swinging
Batting: SHB Bob Castro 0-0: Called Strike
0-1: Hit by Pitch
Batting: RHB Dale Castro Pickoff Throw to First - Error! E1
Bob Castro to second
0-0: Ball
1-0: Ball
2-0: Ball
3-0: Called Strike
3-1: Foul Ball, location: 2F
3-2: Base on Balls
Batting: RHB John Ward 0-0: SINGLE (Groundball, 56D)
Bob Castro to third
Dale Castro to second
Runner from 3rd tries for Home, SAFE, no throw
Batting: RHB Ron McClain 0-0: Fly out, F9 (Flyball, 9S)
Batting: RHB Craig Porter 0-0: Ball
1-0: Ball
Dale Castro steals 3rd base
2-0: Ball
3-0: Called Strike
3-1: Base on Balls
John Ward to second
Batting: LHB Carter Coleman 0-0: Ball
1-0: Ball
2-0: Called Strike
2-1: Swinging Strike
2-2: Strikes out looking
Bottom of the 6th over - 1 run, 1 hit, 1 error, 3 left on base; Alabama 2 - Cincinnati 9
TOP OF THE 7TH
Alabama Crimson Tide batting - Pitching for Cincinnati Bearcats : RHP Miguel De La Parra
Batting: LHB Tracy Becker 0-0: Ball
1-0: Called Strike
1-1: Called Strike
1-2: Ball
2-2: Foul Ball, location: 2F
2-2: Strikes out swinging
Batting: RHB Chris Bass 0-0: Ball
1-0: Foul Ball, location: 2F
1-1: Ball
2-1: Called Strike
2-2: Strikes out swinging
Batting: RHB Shannon Watson 0-0: Called Strike
0-1: Ball
1-1: Called Strike
1-2: Strikes out looking
Top of the 7th over - 0 runs, 0 hits, 0 errors, 0 left on base; Alabama 2 - Cincinnati 9
BOTTOM OF THE 7TH
Cincinnati Bearcats batting - Pitching for Alabama Crimson Tide : RHP Roberto Ilana
Batting: RHB Scott Snider 0-0: Foul Ball, location: 2F
0-1: Ball
1-1: Ball
2-1: Ball
3-1: Foul Ball, location: 2F
3-2: Foul Ball, location: 2F
3-2: SINGLE (Groundball, 6D)
Pitching: LHP Richard Garrett
Batting: RHB Dave Scott 0-0: Swinging Strike
0-1: Foul Ball, location: 2F
0-2: Ball
1-2: Foul Ball, location: 2F
1-2: Strikes out swinging
Batting: LHB Greg Jeffreys 0-0: Ball
1-0: Ball
2-0: Ball
3-0: Base on Balls
Scott Snider to second
Batting: SHB Bob Castro 0-0: Foul Ball, location: 2F
0-1: Ball
1-1: Swinging Strike
1-2: Strikes out looking
Batting: RHB Dale Castro 0-0: Called Strike
0-1: Ground out 3-1 (Groundball, 34)
Bottom of the 7th over - 0 runs, 1 hit, 0 errors, 2 left on base; Alabama 2 - Cincinnati 9
TOP OF THE 8TH
Alabama Crimson Tide batting - Pitching for Cincinnati Bearcats : RHP Miguel De La Parra
Batting: LHB Tom York 0-0: Ball
1-0: Foul Ball, location: 2F
1-1: Ground out 4-3 (Groundball, 34)
Batting: RHB Rafael Vargo 0-0: Ball
1-0: Ball
2-0: Foul Ball, location: 2F
2-1: Ball
3-1: Base on Balls
Batting: RHB Oscar Trent 0-0: DOUBLE (Line Drive, 78M)
Rafael Vargo to third
Batting: RHB Paco Molina 0-0: Ball
1-0: Ball
2-0: Fly out, F9 (Flyball, 89S)
Batting: RHB John Martin 0-0: Ball
1-0: Ball
2-0: Called Strike
2-1: Foul Ball, location: 2F
2-2: Foul Ball, location: 2F
2-2: Foul Ball, location: 2F
2-2: SINGLE (Flyball, 89M)
Rafael Vargo scores
Oscar Trent to third
Runner from 3rd tries for Home, SAFE, no throw
Pitching: RHP Danny McCabe
Batting: RHB Mike Irvin 0-0: Called Strike
0-1: Ball
1-1: SINGLE (Line Drive, 6MD)
John Martin to second
Runner from 2nd tries for 3rd, SAFE, no throw
Pinch Runner at 3rd Steve Ellzey:
Batting: LHB Tracy Becker 0-0: Swinging Strike
0-1: 3-RUN HOME RUN (Flyball, 9LD), Distance : 333 ft
Pitching: RHP Andrew Owens
Batting: RHB Chris Bass 0-0: Foul Ball, location: 2F
0-1: Fly out, F8 (Flyball, 8RD)
Top of the 8th over - 5 runs, 4 hits, 0 errors, 0 left on base; Alabama 7 - Cincinnati 9
BOTTOM OF THE 8TH
Cincinnati Bearcats batting - Pitching for Alabama Crimson Tide : LHP Richard Garrett
Batting: RHB John Ward 0-0: Foul Ball, location: 2F
0-1: Ball
1-1: Ball
2-1: Foul Ball, location: 2F
2-2: Ground out 5-3 (Groundball, 56S)
Batting: RHB Ron McClain 0-0: Ball
1-0: Ball
2-0: Called Strike
2-1: Called Strike
2-2: Ball
3-2: Base on Balls
Batting: RHB Craig Porter 0-0: Called Strike
0-1: Ground out 5-3 (Groundball, 56S)
Ron McClain to second
Batting: LHB Carter Coleman 0-0: Ball
1-0: Hit by Pitch
Batting: RHB Scott Snider 0-0: Ball
1-0: Called Strike
1-1: Ball
2-1: SINGLE (Groundball, 56) (infield hit)
Ron McClain to third
Carter Coleman to second
Batting: RHB Dave Scott 0-0: Ball
1-0: Ball
2-0: Ball
3-0: Called Strike
3-1: Called Strike
3-2: Base on Balls
Ron McClain scores
Carter Coleman to third
Scott Snider to second
Batting: LHB Greg Jeffreys Balk!
Carter Coleman scores
Scott Snider to third
Dave Scott to second
Pitching: RHP Gary Sonier 0-0: Called Strike
0-1: Ball
1-1: Called Strike
1-2: Foul Ball, location: 2F
1-2: Ball
2-2: Strikes out swinging
Bottom of the 8th over - 2 runs, 1 hit, 0 errors, 2 left on base; Alabama 7 - Cincinnati 11
TOP OF THE 9TH
Alabama Crimson Tide batting - Pitching for Cincinnati Bearcats : RHP Andrew Owens
Batting: RHB Shannon Watson 0-0: Ball
1-0: Called Strike
1-1: Foul Ball, location: 2F
1-2: Strikes out looking
Batting: LHB Tom York 0-0: Ball
1-0: Ball
2-0: Ball
3-0: Base on Balls
Batting: RHB Rafael Vargo 0-0: Swinging Strike
0-1: Called Strike
0-2: Ball
1-2: Foul Ball, location: 2F
1-2: Fly out, F4 (Line Drive, 4)
Batting: RHB Oscar Trent 0-0: Ball
1-0: Swinging Strike
1-1: Foul Ball, location: 2F
1-2: Ball
2-2: Ball
3-2: Foul Ball, location: 2F
3-2: SINGLE (Line Drive, 8LS)
Tom York to second
Tom York to third
Pitching: RHP Frank Scott
Batting: RHB Paco Molina 0-0: Ball
1-0: Called Strike
1-1: Ball
2-1: Ball
3-1: Called Strike
3-2: Ground out 6-3 (Groundball, 6)
Top of the 9th over - 0 runs, 1 hit, 0 errors, 2 left on base; Alabama 7 - Cincinnati 11
Saturday, April 7th, 2018 - OOTP Baseball 18.8 Build 76